 Dungeon Crawl Stone Soup version 0.24.0-37-gcf1ca852f1 (webtiles) character file.

Game seed: 12260845749901422170, levelgen mode: deterministic

121 Kobolds4U the Sneak (level 4, -4/24 HPs)
             Began as a Deep Elf Conjurer on Dec 7, 2019.
             Slain by Grinder (10 damage)
             ... on level 3 of the Dungeon.
             The game lasted 00:12:23 (2343 turns).

Kobolds4U the Sneak (Deep Elf Conjurer)             Turns: 2343, Time: 00:12:24

Health: -4/24      AC:  3    Str:  6    XL:     4   Next: 76%
Magic:  1/10       EV: 13    Int: 20    God:
Gold:   102        SH:  0    Dex: 15    Spells: 3/9 levels left

rFire    . . .     SeeInvis .   i - +0 short sword
rCold    . . .     Gourm    .   (no shield)
rNeg     . . .     Faith    .   a - +0 robe
rPois    .         Spirit   .   (no helmet)
rElec    .         Reflect  .   (no cloak)
rCorr    .         Harm     .   t - +0 pair of gloves
MR       +....                  (no boots)
Stlth    +++.......             (no amulet)
HPRegen  0.08/turn              m - ring of protection from magic
MPRegen  0.12/turn              (no ring)

@: very slightly contaminated
A: no striking features
a: no special abilities


You were on level 3 of the Dungeon.
You were hungry.

You visited 1 branch of the dungeon, and saw 3 of its levels.

You collected 102 gold pieces.

Inventory:

Hand Weapons
 i - a +0 short sword (weapon)
Armour
 a - a +0 robe (worn)
 t - a +0 pair of gloves (worn)
Jewellery
 m - a ring of protection from magic (left hand)
Scrolls
 b - 6 scrolls of identify
 e - 3 scrolls of teleportation {unknown}
 j - a scroll of noise {unknown}
 l - a scroll of remove curse {unknown}
 n - a scroll of enchant weapon {unknown}
 r - a scroll of magic mapping {unknown}
 u - a scroll of random uselessness {unknown}
Potions
 d - 3 potions of cancellation
 f - a potion of lignification {unknown}
 g - a potion of curing {unknown}
 h - 2 potions of heal wounds {unknown}
 k - 2 potions of degeneration {unknown}
 o - 2 potions of flight {unknown}
 p - a potion of agility {unknown}
 q - a potion of resistance {unknown}
Comestibles
 c - 5 rations
 s - a chunk of flesh


   Skills:
 * Level 3.0 Short Blades
 - Level 2.4 Dodging
 + Level 4.9 Stealth
 - Level 3.0 Spellcasting
 - Level 4.3 Conjurations


You had 3 spell levels left.
You knew the following spells:

 Your Spells              Type           Power        Failure   Level  Hunger
a - Magic Dart            Conj           ###.         2%          1    None
b - Searing Ray           Conj           ###...       3%          2    ##.....
c - Dazzling Spray        Conj/Hex       ##....       17%         3    ###....

Your spell library contained the following spells:

 Spells                   Type           Power        Failure   Level  Hunger
 Iskenderun's Mystic Bla  Conj           ###.....     24%         4    ####...
 Force Lance              Conj/Tloc      ##......     50%         4    ####...
 Fulminant Prism          Conj/Hex       ##........   50%         4    ####...


Dungeon Overview and Level Annotations

Branches:
Dungeon (3/15)

Altars:
Kikubaaqudgha
Ru

Annotations:
D:3 Grinder


Message History

Grinder closely misses you.
You catch the helpless Grinder completely off-guard!
You hit Grinder.
Grinder is heavily wounded.
Grinder hits you.
You writhe in agony.
* * * LOW HITPOINT WARNING * * *
You hit Grinder but do no damage.
Grinder is heavily wounded.
You are feeling hungry.
Grinder is no longer blind.
Grinder closely misses you.
Casting: Dazzling Spray (safe; 17% risk of failure)
Confirm with . or Enter, or press ? or * to list all spells.
Aiming: Searing Ray (safe; 3% risk of failure)
Press: ? - help, Shift-Dir - straight line, p - Grinder The searing ray hits Grinder.
Grinder is severely wounded. (Press . to maintain the ray.) Grinder closely misses you.
The searing ray misses Grinder.
Grinder hits you!
You die...

#.##.#...##.#....#####........
#....#...........# #........
..###########......# #........
..5..8#..##.#......## #...รท....
_.....+..##.........# #........
#..##.#.#####.####...^)...
#####..##...<...........######
#......####.#.#.#.#.#.#.######
#...#### #.#@#.#.#.#.#......#
####....######+#5#.#.#.#.#......#
........#........#.#.#.#.#......#
.................#.#.#.#.#......#
.......#........................#
########..................(.....#
#..####+.................# ##.#
+.................# #.#
+.........#########


You could see Grinder.

Vanquished Creatures
  3 gnolls (D:2)
  3 adders
  4 dart slugs
  2 leopard geckos (D:1)
  An orc (D:2)
  3 ball pythons
  6 bats
  A giant cockroach (D:3)
  7 goblins
  11 hobgoblins
  2 quokkas
  4 frilled lizards
  4 kobolds
  A rat (D:3)
52 creatures vanquished.

Notes
Turn   | Place    | Note
-------+----------+-------------------------------------------
     0 | D:1      | Kobolds4U the Deep Elf Conjurer began the quest for the
                  | Orb.
     0 | D:1      | Reached XP level 1. HP: 10/10 MP: 6/6
   292 | D:1      | Reached XP level 2. HP: 13/15 MP: 0/8
   299 | D:1      | Learned a level 2 spell: Searing Ray
   666 | D:1      | Reached skill level 1 in Short Blades
   764 | D:1      | Reached XP level 3. HP: 16/19 MP: 0/9
  1340 | D:2      | Reached XP level 4. HP: 14/24 MP: 1/10
  1574 | D:2      | Found an ancient bone altar of Kikubaaqudgha.
  2260 | D:3      | Learned a level 3 spell: Dazzling Spray
  2308 | D:3      | Found a sacrificial altar of Ru.
  2308 | D:3      | Noticed Grinder
  2343 | D:3      | Slain by Grinder

Levels and vault maps discovered:
D:1:      kennysheep_arrival_forest, layout_basic
D:2:      layout_rooms, overflow_temple_1_default, first_ration
D:3:      layout_basic, gammafunk_temple_overflow_statue, minmay_misc_feat_rows,
          doesnt_xom_only_xom, uniq_grinder

Skill      XL: |  1  2  3  4 |
---------------+-------------+-----
Stealth        | 3 4 |  4.9
Short Blades   | 1 2 3 |  3.0
Dodging        | |  2.4
Spellcasting   | |  3.0
Conjurations   | |  4.3

Action                   |  1- 3 |  4- 6 || total
-------------------------+-------+-------++-------
Melee: Club              |     5 |       ||     5
       Short sword       |    14 |     5 ||    19
 Cast: Magic Dart        |    66 |    43 ||   109
       Searing Ray       |     2 |     2 ||     4
       Dazzling Spray    |       |     2 ||     2
  Use: Scroll            |       |     1 ||     1
 Stab: Sleeping          |     2 |     1 ||     3
       Invisible         |       |     1 ||     1
  Eat: Chunk             |     1 |     3 ||     4
Armor: Robe              |       |     4 ||     4
Dodge: Dodged            |    16 |     8 ||    24
